cohdb
Replays
Latest Replays
All Replays
Popular Replays
Top Player Replays
Match Explorer
How It Works
Community
CoH3 Stats
Reddit
Sign in to upload your games and track your stats! →
Sign in with Steam
Match 37368828
Unlisted
Match 37368828
Overview
Messages
Build Orders
End
Construct Weapon Support Center
M1919 Machine Gun Team
M1919 Machine Gun Team
Bazooka Squad
Construct Barracks
Riflemen Squad
Grenade Package
Selects Armored Battlegroup
Selects Armored Battlegroup
Construct Medical Station
Air Support Center
Selects Fast Deploy
M3 Armored Personnel Carrier
北洋水师
Wellington
NoMaam
PrinceLoco
看个鸟
鲜榨果汁
***** *******
lplp4943718
0
0
Comments
sign in to comment!
No comments posted yet!